[ AOE2 MATCH · #506770056 ]
UnrankedSaracens vs Cumans
Player's team · WIN
Rival team · LOSS
[ REPLAY ANALYSIS · EXTRACTED FROM THE RECORDED GAME ]
Feudal
12:38
Castle
23:21
Imperial
41:39
| APM avg | 43.7 |
| APM peak | 107 |
| eAPM avg | 27.8 |
| Villagers / military | 137 / 258 |
Focus
⚔️ 40.4% · 🌾 59.6%
Skirmisher ×84 · Camel Scout ×79 · Scout Cavalry ×40 · Knight ×21 · Archer ×10 · Mameluke ×7
Feudal
10:46
Castle
28:43
Imperial
42:09
| APM avg | 47.2 |
| APM peak | 96 |
| eAPM avg | 21.8 |
| Villagers / military | 197 / 397 |
Focus
⚔️ 31.6% · 🌾 68.4%
Scout Cavalry ×171 · Spearman ×139 · Kipchak ×46 · Unknown (1260) ×25 · Skirmisher ×11 · Battering Ram ×10
Match map
Initial resources + every placement click. Lines = walls · curves = elevation contours. ◆ gold · ⬟ stone · ● berries · ✦ relic · ◌ wall gap
Your base· ✓ Closed at 23:21 · 37t walls · no gate
pierrehusson's base· Open — opponent sealed themselves in
Smoothed initial terrain · ◌ = detected wall gap · hover for details
Inputs per minute
— [TYN] Space Travesti - - pierrehusson
Build order — [TYN] Space Travesti
First 150 of 671 actions detected
| 0:00 | Queue | Villager (Male) |
| 0:01 | Queue | Villager (Male) |
| 0:02 | Build | House |
| 0:03 | Build | House |
| 0:10 | Queue | Villager (Male) |
| 0:10 | Queue | Villager (Male) |
| 1:26 | Queue | Villager (Male) |
| 1:51 | Build | Lumber Camp |
| 1:52 | Queue | Villager (Male) |
| 2:24 | Queue | Villager (Male) |
| 2:24 | Queue | Villager (Male) |
| 2:38 | Queue | Villager (Male) |
| 2:38 | Queue | Villager (Male) |
| 3:09 | Build | House |
| 3:16 | Queue | Villager (Male) |
| 3:17 | Queue | Villager (Male) |
| 3:39 | Queue | Villager (Male) |
| 3:56 | Queue | Villager (Male) |
| 3:57 | Queue | Villager (Male) |
| 4:57 | Queue | Villager (Male) |
| 4:59 | Build | Mill |
| 5:03 | Queue | Villager (Male) |
| 5:04 | Queue | Villager (Male) |
| 5:27 | Build | House |
| 5:41 | Queue | Villager (Male) |
| 6:28 | Queue | Villager (Male) |
| 6:28 | Queue | Villager (Male) |
| 6:31 | Research | Loom |
| 6:45 | Queue | Villager (Male) |
| 6:46 | Queue | Villager (Male) |
| 6:50 | Build | House |
| 7:11 | Build | Mill |
| 7:28 | Build | Palisade Wall |
| 7:29 | Build | Palisade Wall |
| 7:54 | Queue | Villager (Male) |
| 7:57 | Build | Palisade Wall |
| 7:58 | Build | Palisade Wall |
| 8:19 | Queue | Villager (Male) |
| 8:19 | Queue | Villager (Male) |
| 8:31 | Build | Palisade Wall |
| 8:31 | Build | Palisade Wall |
| 8:36 | Build | Palisade Wall |
| 8:37 | Build | Palisade Wall |
| 8:39 | Research | Loom |
| 8:58 | Build | House |
| 9:13 | Queue | Villager (Male) |
| 9:17 | Build | Palisade Wall |
| 9:21 | Queue | Villager (Male) |
| 9:37 | Build | Palisade Wall |
| 9:56 | Build | Palisade Wall |
| 10:01 | Build | House |
| 10:03 | Queue | Villager (Male) |
| 10:03 | Queue | Villager (Male) |
| 10:08 | Research | Feudal Age |
| 10:32 | Build | Palisade Wall |
| 10:43 | Build | Farm |
| 10:50 | Build | Farm |
| 11:00 | Build | Palisade Wall |
| 11:07 | Build | Mining Camp |
| 11:12 | Build | Farm |
| 11:16 | Build | Palisade Wall |
| 11:42 | Queue | Villager (Male) |
| 11:58 | Build | Barracks |
| 12:02 | Build | Palisade Wall |
| 12:24 | Build | Palisade Wall |
| 12:25 | Queue | Villager (Male) |
| 12:38 | Age | Feudal Age |
| 12:40 | Build | Watch Tower |
| 12:58 | Build | Mining Camp |
| 12:59 | Queue | Villager (Male) |
| 13:04 | Research | Double-Bit Axe |
| 13:05 | Queue | Villager (Male) |
| 13:15 | Build | House |
| 13:16 | Queue | Villager (Male) |
| 13:18 | Build | Farm |
| 13:20 | Queue | Villager (Male) |
| 13:22 | Queue | Spearman |
| 13:41 | Queue | Villager (Male) |
| 13:45 | Build | House |
| 13:47 | Build | Palisade Wall |
| 13:48 | Queue | Villager (Male) |
| 13:52 | Build | Farm |
| 13:59 | Build | Farm |
| 14:01 | Queue | Villager (Male) |
| 14:12 | Queue | Militia |
| 14:39 | Queue | Spearman |
| 14:48 | Build | Archery Range |
| 14:48 | Queue | Villager (Male) |
| 14:49 | Queue | Villager (Male) |
| 14:56 | Queue | Spearman |
| 15:03 | Queue | Villager (Male) |
| 15:07 | Build | House |
| 15:11 | Build | Farm |
| 15:14 | Build | Farm |
| 15:15 | Build | Farm |
| 15:16 | Queue | Villager (Male) |
| 15:26 | Build | Mining Camp |
| 15:27 | Queue | Villager (Male) |
| 15:35 | Queue | Villager (Male) |
| 15:39 | Queue | Villager (Male) |
| 15:41 | Queue | Villager (Male) |
| 15:46 | Build | Farm |
| 15:53 | Build | House |
| 16:01 | Queue | Villager (Male) |
| 16:24 | Queue | Archer |
| 16:24 | Queue | Archer |
| 16:27 | Build | Palisade Wall |
| 16:34 | Build | House |
| 16:45 | Queue | Villager (Male) |
| 16:45 | Queue | Villager (Male) |
| 16:55 | Build | Lumber Camp |
| 17:01 | Build | House |
| 17:05 | Build | Market |
| 17:08 | Queue | Archer |
| 17:20 | Queue | Villager (Male) |
| 17:26 | Build | Market |
| 17:33 | Build | Palisade Wall |
| 17:34 | Build | Palisade Wall |
| 17:55 | Build | House |
| 18:23 | Queue | Archer |
| 18:24 | Queue | Archer |
| 18:40 | Build | Stable |
| 18:51 | Build | Palisade Wall |
| 19:00 | Build | House |
| 19:03 | Build | Palisade Wall |
| 19:13 | Queue | Archer |
| 19:14 | Queue | Archer |
| 19:36 | Queue | Villager (Male) |
| 19:38 | Build | Blacksmith |
| 20:41 | Research | Castle Age |
| 20:53 | Build | Stable |
| 21:05 | Build | Farm |
| 21:07 | Build | Farm |
| 21:08 | Research | Horse Collar |
| 21:38 | Build | House |
| 21:41 | Build | House |
| 21:44 | Build | Farm |
| 21:45 | Queue | Villager (Male) |
| 21:46 | Queue | Archer |
| 21:46 | Queue | Archer |
| 21:49 | Build | Stable |
| 22:01 | Research | Fletching |
| 22:06 | Build | Mining Camp |
| 22:09 | Build | Farm |
| 22:24 | Build | Palisade Wall |
| 22:38 | Research | Scale Barding Armor |
| 22:58 | Build | Farm |
| 23:17 | Build | Farm |
| 23:21 | Age | Castle Age |
| 23:28 | Queue | Knight |
Build order — pierrehusson
First 150 of 594 actions detected
| 0:01 | Queue | Villager (Male) ×4 |
| 0:03 | Build | House |
| 0:06 | Build | House |
| 1:08 | Build | Lumber Camp |
| 1:23 | Queue | Villager (Male) |
| 2:07 | Queue | Villager (Male) |
| 2:07 | Queue | Villager (Male) |
| 2:25 | Queue | Villager (Male) |
| 2:50 | Queue | Villager (Male) |
| 3:18 | Queue | Villager (Male) |
| 3:19 | Queue | Villager (Male) |
| 3:49 | Queue | Villager (Male) |
| 3:49 | Queue | Villager (Male) |
| 3:53 | Build | House |
| 4:12 | Queue | Villager (Male) |
| 4:20 | Build | Barracks |
| 4:40 | Queue | Villager (Male) |
| 4:54 | Build | House |
| 5:11 | Queue | Villager (Male) |
| 5:23 | Build | House |
| 5:34 | Queue | Villager (Male) |
| 5:51 | Queue | Militia |
| 5:51 | Queue | Militia |
| 5:52 | Queue | Villager (Male) |
| 6:19 | Build | Mill |
| 6:22 | Queue | Villager (Male) |
| 6:44 | Queue | Villager (Male) |
| 7:18 | Queue | Villager (Male) |
| 7:22 | Queue | Villager (Male) |
| 7:23 | Research | Loom |
| 7:26 | Build | Mill |
| 8:36 | Research | Feudal Age |
| 10:40 | Build | Lumber Camp |
| 10:46 | Age | Feudal Age |
| 10:47 | Build | House |
| 10:48 | Build | Palisade Wall |
| 10:49 | Queue | Villager (Male) |
| 10:57 | Build | Archery Range |
| 10:59 | Queue | Villager (Male) |
| 11:02 | Research | Double-Bit Axe |
| 11:09 | Build | Stable |
| 11:12 | Build | Palisade Wall |
| 11:19 | Queue | Villager (Male) |
| 11:30 | Research | Horse Collar |
| 11:41 | Queue | Skirmisher |
| 11:41 | Queue | Skirmisher |
| 11:55 | Build | Watch Tower |
| 11:56 | Build | Palisade Wall |
| 11:56 | Build | Palisade Wall |
| 11:57 | Build | Palisade Wall |
| 11:58 | Build | Palisade Wall |
| 12:00 | Queue | Villager (Male) |
| 12:21 | Build | Mining Camp |
| 12:23 | Queue | Villager (Male) |
| 12:44 | Queue | Villager (Male) |
| 12:52 | Queue | Villager (Male) |
| 12:56 | Build | House |
| 12:58 | Queue | Scout Cavalry |
| 12:58 | Queue | Scout Cavalry |
| 12:59 | Queue | Scout Cavalry |
| 13:02 | Queue | Skirmisher ×4 |
| 13:47 | Build | Watch Tower |
| 13:48 | Build | Palisade Wall |
| 13:49 | Build | Palisade Wall |
| 13:50 | Build | Palisade Wall |
| 13:51 | Build | Palisade Wall |
| 13:55 | Queue | Villager (Male) |
| 14:00 | Build | House |
| 14:01 | Build | House |
| 14:12 | Build | House |
| 14:51 | Queue | Villager (Male) |
| 14:53 | Queue | Scout Cavalry |
| 15:08 | Queue | Villager (Male) |
| 15:13 | Queue | Villager (Male) |
| 15:13 | Queue | Villager (Male) |
| 15:15 | Build | Mining Camp |
| 15:31 | Build | Blacksmith |
| 15:52 | Build | House |
| 15:53 | Build | House |
| 16:07 | Queue | Scout Cavalry |
| 16:07 | Queue | Villager (Male) |
| 16:16 | Build | Siege Workshop |
| 16:52 | Queue | Villager (Male) |
| 16:56 | Build | Farm |
| 16:59 | Build | Farm |
| 17:00 | Build | Farm |
| 17:00 | Build | Farm |
| 17:00 | Build | Farm |
| 17:00 | Build | Farm |
| 17:00 | Build | Farm |
| 17:01 | Build | Farm |
| 17:01 | Build | Farm |
| 17:28 | Queue | Battering Ram |
| 17:30 | Queue | Villager (Male) |
| 17:34 | Build | House |
| 17:44 | Build | Farm |
| 18:15 | Queue | Villager (Male) |
| 18:19 | Queue | Battering Ram |
| 18:48 | Build | Watch Tower |
| 18:59 | Queue | Villager (Male) |
| 19:05 | Queue | Archer ×4 |
| 19:18 | Queue | Villager (Male) |
| 19:22 | Build | Farm |
| 19:23 | Build | Farm |
| 19:23 | Build | Farm |
| 19:26 | Build | Farm |
| 19:27 | Build | Farm |
| 19:37 | Build | Palisade Wall |
| 19:38 | Build | Palisade Wall |
| 19:38 | Build | Palisade Wall |
| 19:39 | Build | Palisade Wall |
| 19:58 | Build | House |
| 20:08 | Queue | Villager (Male) |
| 20:14 | Build | Farm |
| 20:15 | Build | Farm |
| 20:15 | Build | Farm |
| 20:15 | Build | Farm |
| 20:16 | Build | Farm |
| 20:18 | Queue | Villager (Male) |
| 20:35 | Queue | Battering Ram |
| 20:40 | Queue | Villager (Male) |
| 20:45 | Build | Farm |
| 21:12 | Queue | Battering Ram |
| 21:19 | Queue | Villager (Male) |
| 21:22 | Queue | Archer ×3 |
| 21:33 | Queue | Villager (Male) |
| 21:35 | Queue | Scout Cavalry |
| 22:06 | Queue | Villager (Male) |
| 22:13 | Build | Farm |
| 22:14 | Build | Farm |
| 22:15 | Build | Farm |
| 22:16 | Queue | Villager (Male) |
| 22:47 | Queue | Villager (Male) |
| 22:50 | Research | Fletching |
| 23:14 | Queue | Villager (Male) |
| 23:25 | Queue | Villager (Male) |
| 23:27 | Queue | Skirmisher ×5 |
| 23:50 | Build | House |
| 24:00 | Research | Padded Archer Armor |
| 24:34 | Queue | Villager (Male) |
| 24:36 | Build | House |
| 24:37 | Build | House |
| 24:51 | Build | Farm |
| 24:52 | Build | Farm |
| 24:53 | Build | Farm |
| 24:54 | Build | Farm |
| 25:10 | Build | House |
| 25:13 | Queue | Villager (Male) |
| 25:21 | Build | Mill |
| 25:21 | Build | Farm |
Match timeline
| 4:20 | pierrehusson · first_building Barracks |
| 7:28 | [TYN] Space Travesti · wall_segment Palisade Wall x1 |
| 7:29 | [TYN] Space Travesti · wall_segment Palisade Wall x1 |
| 7:57 | [TYN] Space Travesti · wall_segment Palisade Wall x1 |
| 7:58 | [TYN] Space Travesti · wall_segment Palisade Wall x1 |
| 8:31 | [TYN] Space Travesti · wall_segment Palisade Wall x1 |
| 8:31 | [TYN] Space Travesti · wall_segment Palisade Wall x1 |
| 8:36 | [TYN] Space Travesti · wall_segment Palisade Wall x1 |
| 8:37 | [TYN] Space Travesti · wall_segment Palisade Wall x1 |
| 9:17 | [TYN] Space Travesti · wall_segment Palisade Wall x4 |
| 9:37 | [TYN] Space Travesti · wall_segment Palisade Wall x1 |
| 9:56 | [TYN] Space Travesti · wall_segment Palisade Wall x5 |
| 10:32 | [TYN] Space Travesti · wall_segment Palisade Wall x6 |
| 10:46 | pierrehusson · age_up feudal |
| 10:48 | pierrehusson · wall_segment Palisade Wall x6 |
| 10:57 | pierrehusson · first_building Archery Range |
| 11:00 | [TYN] Space Travesti · wall_segment Palisade Wall x1 |
| 11:09 | pierrehusson · first_building Stable |
| 11:12 | pierrehusson · wall_segment Palisade Wall x10 |
| 11:16 | [TYN] Space Travesti · wall_segment Palisade Wall x6 |
| 11:56 | pierrehusson · wall_segment Palisade Wall x1 |
| 11:56 | pierrehusson · wall_segment Palisade Wall x1 |
| 11:57 | pierrehusson · wall_segment Palisade Wall x1 |
| 11:58 | [TYN] Space Travesti · first_building Barracks |
| 11:58 | pierrehusson · wall_segment Palisade Wall x1 |
| 12:02 | [TYN] Space Travesti · wall_segment Palisade Wall x1 |
| 12:24 | [TYN] Space Travesti · wall_segment Palisade Wall x1 |
| 12:38 | [TYN] Space Travesti · age_up feudal |
| 13:47 | [TYN] Space Travesti · wall_segment Palisade Wall x2 |
| 13:48 | pierrehusson · wall_segment Palisade Wall x1 |
| 13:49 | pierrehusson · wall_segment Palisade Wall x1 |
| 13:50 | pierrehusson · wall_segment Palisade Wall x1 |
| 13:51 | pierrehusson · wall_segment Palisade Wall x1 |
| 14:48 | [TYN] Space Travesti · first_building Archery Range |
| 16:16 | pierrehusson · first_building Siege Workshop |
| 16:27 | [TYN] Space Travesti · wall_segment Palisade Wall x1 |
| 17:33 | [TYN] Space Travesti · wall_segment Palisade Wall x1 |
| 17:34 | [TYN] Space Travesti · wall_segment Palisade Wall x1 |
| 18:40 | [TYN] Space Travesti · first_building Stable |
| 18:46 | [TYN] Space Travesti · first_market_buy 100 food |
| 18:51 | [TYN] Space Travesti · wall_segment Palisade Wall x1 |
| 19:03 | [TYN] Space Travesti · wall_segment Palisade Wall x1 |
| 19:37 | pierrehusson · wall_segment Palisade Wall x1 |
| 19:38 | pierrehusson · wall_segment Palisade Wall x1 |
| 19:38 | pierrehusson · wall_segment Palisade Wall x1 |
| 19:39 | pierrehusson · wall_segment Palisade Wall x2 |
| 20:39 | [TYN] Space Travesti · first_market_sell 100 wood |
| 22:24 | [TYN] Space Travesti · wall_segment Palisade Wall x1 |
| 23:21 | [TYN] Space Travesti · age_up castle |
| 24:15 | [TYN] Space Travesti · first_building Castle |
| 24:47 | [TYN] Space Travesti · first_building Siege Workshop |
| 26:59 | [TYN] Space Travesti · wall_segment Palisade Wall x1 |
| 28:43 | pierrehusson · age_up castle |
| 29:45 | [TYN] Space Travesti · first_building Monastery |
| 30:00 | pierrehusson · first_building Castle |
| 35:17 | pierrehusson · first_building Monastery |
| 40:49 | [TYN] Space Travesti · wall_segment Stone Wall x10 |
| 41:39 | [TYN] Space Travesti · age_up imperial |
| 42:09 | pierrehusson · age_up imperial |
| 44:35 | [TYN] Space Travesti · wall_segment Stone Wall x10 |
| 44:53 | [TYN] Space Travesti · wall_segment Stone Wall x1 |
| 44:54 | [TYN] Space Travesti · wall_segment Stone Wall x1 |
| 44:55 | [TYN] Space Travesti · wall_segment Stone Wall x1 |
| 44:56 | [TYN] Space Travesti · wall_segment Stone Wall x1 |
| 49:40 | [TYN] Space Travesti · wall_segment Stone Wall x9 |
| 55:53 | pierrehusson · resign |
[ AI ANALYSIS · 1 CREDIT ]
What really happened in this match?
Wolo.gg analyzes every decision: build order, eco, micro, common mistakes by bracket. Personalized analysis on WhatsApp or Discord in 30 seconds.
Civ guide
Saracens
Perfil
[TYN] Space Travesti